 Dungeon Crawl Stone Soup version 0.31-a0-1549-g5ff9445e89 (webtiles) character file.

Game seed: 7670409251948365919

26599 grandjackal the Imperceptible (level 12, -2/98 HPs)
             Began as a Vampire Enchanter on Jan 2, 2024.
             Was an Elder of Dithmenos.
             Slain by a minotaur
             ... wielding a +4 halberd of venom
              (13 damage)
             ... in a Gauntlet.
             The game lasted 00:30:42 (12899 turns).

grandjackal the Imperceptible (Vampire Enchanter)  Turns: 12899, Time: 00:30:43

Health: -2/98      AC: 12    Str:  7    XL:     12   Next: 99%
Magic:  16/16      EV: 17    Int: 23    God:    Dithmenos [****..]
Gold:   1267       SH:  6    Dex: 20    Spells: 4/15 levels left

rFire   + + .        N - +7 dagger of the Gloaming {flame, rN+}
rCold   x . .        F - +0 buckler
rNeg    + + .        J - +1 steam dragon scales
rPois   .            C - +2 helmet
rElec   .            v - +0 cloak
rCorr   +            f - +0 pair of gloves of Paby {Harm rN+ rCorr}
SInv    +            I - +0 pair of boots {Fly}
Will    +....        M - amulet of magic regeneration Stlth ***+++++++
                     a - ring "Javvaim" {Fire +Blink Int+6}
HPRegen 0.56/turn    D - ring of protection from fire
MPRegen 0.55/turn

%: no teleportation, harm (+30% outgoing, +20% incoming)
@: confusing by touch, flying, healing quickly, wreathed by umbra
A: alive, fangs 3, see invisible, vampiric 2
a: Exsanguinate, Renounce Religion, Evoke Blink, Shadow Step


You were in a Gauntlet.
You worshipped Dithmenos.
Dithmenos was greatly pleased with you.
You visited 2 branches of the dungeon, and saw 13 of its levels.
You also visited: Gauntlet.

You collected 1410 gold pieces.
You spent 143 gold pieces at shops.

Inventory:

Hand Weapons
 G - a +4 dagger of chaos
 N - the +7 dagger of the Gloaming (weapon) {flame, rN+}
   (You found it on level 9 of the Dungeon)

   rN+:       It protects you from negative energy.
Missiles
 j - 5 throwing nets (quivered)
 y - 4 curare-tipped darts
Armour
 f - the +0 pair of gloves of Paby (worn) {Harm rN+ rCorr}
   (You found it in a Gauntlet)

   rN+:       It protects you from negative energy.
   rCorr:     It protects you from acid and corrosion.
   Harm:      It increases damage dealt and taken.
 v - a +0 cloak (worn)
 C - a +2 helmet (worn)
 F - a +0 buckler (worn)
 I - a +0 pair of boots of flying (worn)
 J - +1 steam dragon scales (worn)
 Q - a +1 scale mail of fire resistance
 T - a +0 troll leather armour
Jewellery
 a - the ring "Javvaim" (left hand) {Fire +Blink Int+6}
   (You found it on level 12 of the Dungeon)

   [ring of fire]

   Fire:      It enhances your fire magic.
   Int+6:     It affects your intelligence (+6).
   rF+:       It protects you from fire.
   rC-:       It makes you vulnerable to cold.
   +Blink:    It lets you blink.
 b - a ring of positive energy
 h - a ring of positive energy
 A - a ring of positive energy
 B - the ring of Emot {rF- rCorr Dex+3 SInv Stlth+}
   (You found it on level 12 of the Dungeon)

   [ring of see invisible]

   Dex+3:     It affects your dexterity (+3).
   rF-:       It makes you vulnerable to fire.
   SInv:      It lets you see invisible.
   rCorr:     It protects you from acid and corrosion.
   Stlth+:    It makes you more stealthy.
 D - a ring of protection from fire (right hand)
 H - the amulet of Tugrom {Reflect rElec rPois Int-4 SH+5 SInv}
   (You took it off a meliai on level 12 of the Dungeon)

   [amulet of reflection]

   Reflect:   It reflects blocked missile attacks.
   Int-4:     It affects your intelligence (-4).
   rElec:     It insulates you from electricity.
   rPois:     It protects you from poison SInv: It lets you see invisible.
   SH+5:      It affects your SH (+5).
 M - an amulet of magic regeneration (around neck)
 O - a ring of poison resistance
 X - a ring of resist corrosion
 Z - the ring "Yshryroet" {rF+ rN+++ MP-9 Str+3 SInv}
   (You found it on level 12 of the Dungeon)

   [ring of protection from fire]

   Str+3:     It affects your strength (+3).
   rF+:       It protects you from fire.
   rN+++:     It renders you almost immune to negative energy.
   MP-9:      It affects your magic capacity (-9).
   SInv:      It lets you see invisible.
Wands
 m - a wand of charming (13)
 L - a wand of flame (14)
 P - a wand of acid (7)
Scrolls
 g - a scroll of poison {unknown}
 k - 2 scrolls of enchant armour
 l - a scroll of enchant weapon {unknown}
 n - 2 scrolls of amnesia {unknown}
 p - 2 scrolls of vulnerability {unknown}
 r - 2 scrolls of teleportation
 u - a scroll of revelation
 w - a scroll of blinking {unknown}
 x - a scroll of silence {unknown}
 E - a scroll of noise {unknown}
 R - 2 scrolls of immolation {unknown}
 U - a scroll of acquirement {unknown}
Potions
 c - 2 potions of invisibility
 d - 8 potions of curing
 e - a potion of attraction
 i - 4 potions of mutation
 o - 2 potions of berserk rage
 q - 2 potions of ambrosia
 s - 4 potions of heal wounds
 t - a potion of lignification
 z - 2 potions of might
 K - a potion of cancellation {unknown}
 S - 2 potions of enlightenment {unknown}
 W - a potion of magic {unknown}
 Y - a potion of resistance


   Skills:
 + Level 10.3 Fighting
 - Level 10.3 Short Blades
 + Level 8.9 Dodging
 - Level 21.2 Stealth
 - Level 4.5 Shields
 - Level 2.0 Spellcasting
 - Level 10.1 Hexes
 + Level 3.0 Ice Magic
 + Level 5.7 Invocations


You had 4 spell levels left.
You knew the following spells:

 Your Spells              Type           Power      Damage    Failure   Level
a - Ensorcelled Hibernat  Hex/Ice        64%        N/A       1%          2
b - Confusing Touch       Hex            49%        N/A       1%          3
c - Tukima's Dance        Hex            49%        N/A       1%          3
d - Dazzling Flash        Conj/Hex       50%        N/A       8%          3

Your spell library contained the following spells:

 Spells                   Type           Power      Damage    Failure   Level
 Freeze                   Ice            64%        1d7       6%          1
 Frozen Ramparts          Ice            32%        1d5       17%         3
 Kiss of Death            Conj/Necr      8%         2d6       21%         1
 Necrotise                Necr           8%         1d4       21%         1
 Lesser Beckoning         Tloc           4%         N/A       30%         2
 Hailstorm                Conj/Ice       9%         3d6       32%         3
 Summon Ice Beast         Ice/Summ       9%         N/A       32%         3
 Gell's Gravitas          Tloc           2%         N/A       52%         3
 Mephitic Cloud           Conj/Alch/Air  2%         N/A       52%         3
 Teleport Other           Tloc           2%         N/A       52%         3
 Vampiric Draining        Necr           2%         2d6       52%         3
 Dispel Undead            Necr           2%         3d7       89%         4
 Martyr's Knell           Necr/Summ      2%         N/A       89%         4
 Summon Blazeheart Golem  Fire/Summ      3%         N/A       89%         4
 Silence                  Hex/Air        12%        N/A       56%         5
 Curse of Agony           Necr           2%         N/A       99%         5
 Sculpt Simulacrum        Ice/Alch       4%         N/A       100%        6
 Orb of Destruction       Conj           1%         9d5       100%        7
 Spellforged Servitor     Conj/Summ      1%         N/A       100%        7


Dungeon Overview and Level Annotations

Branches:
Dungeon (12/15)            Temple (0/1) D:4            Lair (1/5) D:11
    Orc (0/2) D:12        Gauntlet (1/1)

Altars:
Dithmenos
Fedhas
Gozag
Hepliaklqana
Okawaru
Trog
Uskayaw
Yredelemnul

Shops:
D:1 =   D:3 !

Annotations:
D:7 3 runed translucent doors, ketchum's ghost, novice MfSh
D:12 Azrael Gauntlet 7 transporters, 5 runed translucent doors, exclusions: ice statue and obsidian statue


Innate Abilities, Weirdness & Mutations

Your natural rate of healing is accelerated.
You have razor-sharp teeth.
You have supernaturally acute eyesight. (SInv)
You are afflicted with vampirism and can become a bat while bloodless.


Message History

The throwing net barely misses the minotaur.
The minotaur misses you. You block the minotaur's attack.
Throw: 7 throwing nets
Press: ? - help, Q - select action, (/) - cycle Shift-Dir - straight line, f/p - minotaur
Aim: a minotaur, wielding a +4 halberd of venom, wearing a +0 plate armour of willpower and quivering silver javelins (chance to confuse on hit: 0%, umbra, 78% to hit)
You throw a throwing net. The throwing net hits the minotaur.
The minotaur is caught in the net!
The minotaur struggles against the net.
You hit the minotaur but do no damage.
Your shadow hits the minotaur but does no damage.
The minotaur struggles against the net.
You strike the helpless minotaur from behind!
You hit the minotaur but do no damage.
You bite the minotaur, but do no damage.
You catch the helpless minotaur completely off-guard!
You hit the minotaur but do no damage.
Your shadow hits the minotaur but does no damage.
The minotaur struggles against the net.
You hit the minotaur but do no damage. Your bite misses the minotaur.
The minotaur struggles against the net.
You strike the helpless minotaur from behind!
You hit the minotaur but do no damage. You hit the minotaur but do no damage.
The minotaur struggles against the net.
You hit the minotaur but do no damage. You hit the minotaur but do no damage.
The minotaur struggles against the net.
The net rips apart, and the minotaur comes free!
Okay, then.
Press: ? - help, v - describe, . - travel
Here: a minotaur, wielding a +4 halberd of venom, wearing a +0 plate armour of willpower and quivering silver javelins (chance to confuse on hit: 0%, umbra)
The floor.
Unknown command.
Throw: 6 throwing nets
Press: ? - help, Q - select action, (/) - cycle Shift-Dir - straight line, f/p - minotaur
Aim: a minotaur, wielding a +4 halberd of venom, wearing a +0 plate armour of willpower and quivering silver javelins (chance to confuse on hit: 0%, umbra, 78% to hit)
You throw a throwing net.
The throwing net barely misses the minotaur.
The minotaur hits you with a +4 halberd of venom!!
* * * LOW HITPOINT WARNING * * *
The minotaur gores you!
You die...

..#...≈##. .#
#.#.P.###.♣.##########
^.#.♣..##...#....#...####
.©#.P...#.♣.#.######....#
^.#..P♣.#...#.#....#.##.#
#[#...P.#.©.#.# #....#.#
..#.....#...#.# ####.#.#
###.....#.©.#.###⌠.⌠#.#.#
.....∩..#.....#.@H∩(#.#.#
###.....#.©.#.#.#⌠.⌠#.#.#
..#.....#...#.#.#####.#.#
#!#.....#.©.#.#.##....#.#
#)#..P♣.#...#.#....####.#
#©#.PP..#.♣.#.######....#
#.#.♣..##...#........####
#t#.P.###.♣.##########
..#...≈##


You could see a minotaur.

Vanquished Creatures
  Harold (D:9)
  A hydra (D:12)
  A centaur warrior (D:12)
  3 boulder beetles (D:12)
  7 two-headed ogres
  A hell hog (Gauntlet)
  Lodul (D:10)
  A deep elf pyromancer (D:12)
  A cyclops (D:11)
  4 manticores
  An ugly thing (D:12)
  A meliai (D:12)
  A gargoyle (D:11)
  An unseen horror (D:10)
  A rime drake (Gauntlet)
  Maggie (D:8)
  A komodo dragon (D:11)
  Psyche (D:7)
  A troll (D:10)
  A hornet (D:9)
  A slime creature (D:12)
  A vampire (D:9)
  4 wraiths (D:12)
  3 fire bats (Gauntlet)
  A shadow (D:11)
  Eustachio (D:6)
  A wyvern (D:10)
  2 fire elementals (D:12)
  28 yaks
  A vampire mosquito (D:12)
  An acid dragon (D:11)
  2 hell hounds
  A water moccasin (D:4)
  5 orc warriors
  2 ice beasts
  2 black bears
  5 wolves
  10 ogres
  10 centaurs
  3 phantoms
  3 kobold brigands
  A scorpion (D:7)
  2 cane toad simulacra (D:12)
  13 wights
  10 killer bees
  5 howler monkeys
  4 electric eels (D:11)
  2 jellies
  2 bombardier beetles
  A gnoll bouda (D:9)
  7 hounds
  3 orc priests
  4 iguanas
  3 sleepcaps
  10 orc wizards
  2 spriggan simulacra (D:12)
  A troll simulacrum (D:12)
  7 gnolls
  13 adders
  3 naga simulacra (D:12)
  A white imp (D:6)
  2 ribbon worms (D:12)
  33 orcs
  3 ball pythons
  8 endoplasms
  2 giant cockroaches (D:2)
  8 goblins
  8 hobgoblins
  3 jackals (D:2)
  A quokka (D:3)
  4 bats
  2 frilled lizards
  25 kobolds
  7 rats
318 creatures vanquished.

Vanquished Creatures (collateral kills)
  A wight (D:10)
  A gnoll (D:9)
2 creatures vanquished.

Vanquished Creatures (others)
  A dancing weapon (D:6)
1 creature vanquished.

Grand Total: 321 creatures vanquished

Notes
Turn   | Place    | Note
-------+----------+-------------------------------------------
     0 | D:1      | grandjackal the Vampire Enchanter began the quest for the
                  | Orb.
     0 | D:1      | Reached XP level 1. HP: 13/13 MP: 3/3
   324 | D:1      | Found Votiu's Jewellery Boutique.
   333 | D:1      | Reached XP level 2. HP: 13/19 MP: 5/5
   674 | D:2      | Learned a level 2 spell: Ensorcelled Hibernation
   740 | D:2      | Found a blossoming altar of Fedhas.
   848 | D:2      | Found a faded altar of an unknown god.
   869 | D:2      | Reached skill level 5 in Stealth
   889 | D:2      | Reached skill level 5 in Hexes
   889 | D:2      | Gained mutation: You are afflicted with vampirism and can
                  | become a bat while bloodless. [Vampire growth]
   889 | D:2      | Reached XP level 3. HP: 24/24 MP: 6/6
  1163 | D:2      | Reached skill level 1 in Fighting
  1196 | D:2      | Reached XP level 4. HP: 29/32 MP: 7/7
  1489 | D:2      | Learned a level 3 spell: Confusing Touch
  2151 | D:3      | Found Ucrenay's Distillery.
  2155 | D:3      | Bought a potion of curing for 39 gold pieces
  2155 | D:3      | Bought a potion of heal wounds for 65 gold pieces
  2155 | D:3      | Bought a potion of lignification for 39 gold pieces
  2325 | D:4      | Reached XP level 5. HP: 33/38 MP: 5/8
  2423 | D:4      | Noticed a phantom
  2441 | D:4      | Noticed a water moccasin
  2443 | D:4      | Killed a phantom
  2444 | D:4      | Reached XP level 6. HP: 39/46 MP: 2/9
  2456 | D:4      | Killed a water moccasin
  2738 | D:4      | Found a staircase to the Ecumenical Temple.
  2860 | D:4      | Learned a level 3 spell: Tukima's Dance
  2870 | D:5      | Entered Level 5 of the Dungeon
  2948 | D:5      | Reached XP level 7. HP: 40/52 MP: 3/10
  3056 | D:5      | Reached skill level 6 in Stealth
  3345 | D:5      | Reached skill level 5 in Short Blades
  3345 | D:5      | Reached skill level 7 in Stealth
  3888 | D:5      | Found a shadowy altar of Dithmenos.
  3888 | D:5      | Found a basalt altar of Yredelemnul.
  3892 | D:5      | Became a worshipper of Dithmenos the Shadowed
  4026 | D:6      | Reached skill level 8 in Stealth
  4061 | D:6      | Noticed Eustachio
  4065 | D:6      | Killed Eustachio
  4066 | D:6      | Reached XP level 8. HP: 60/60 MP: 11/11
  4128 | D:6      | Found an opulent altar of Gozag.
  4167 | D:6      | Reached skill level 9 in Stealth
  4426 | D:6      | Reached skill level 10 in Stealth
  4617 | D:6      | Reached * piety under Dithmenos
  4856 | D:6      | Reached skill level 5 in Fighting
  4856 | D:6      | Reached skill level 11 in Stealth
  5158 | D:7      | Learned a level 3 spell: Dazzling Flash
  5217 | D:7      | Reached XP level 9. HP: 58/68 MP: 7/12
  5264 | D:7      | Reached skill level 10 in Hexes
  5373 | D:7      | Reached skill level 12 in Stealth
  5585 | D:7      | Found a runed translucent gate.
  5585 | D:7      | Found a runed translucent gate.
  5585 | D:7      | Found a runed translucent gate.
  5597 | D:7      | Noticed ketchum's ghost (novice MfSh)
  5876 | D:7      | Reached skill level 1 in Shields
  5937 | D:8      | Noticed Psyche
  5964 | D:7      | Killed Psyche
  6051 | D:8      | Reached skill level 13 in Stealth
  6086 | D:8      | Noticed a two-headed ogre
  6095 | D:8      | Killed a two-headed ogre
  6096 | D:8      | Reached skill level 14 in Stealth
  6357 | D:8      | Noticed a two-headed ogre
  6362 | D:8      | Killed a two-headed ogre
  6363 | D:8      | Reached XP level 10. HP: 77/77 MP: 13/13
  6413 | D:8      | Noticed Maggie
  6420 | D:8      | Killed Maggie
  6420 | D:8      | Reached ** piety under Dithmenos
  6451 | D:8      | Reached skill level 15 in Stealth
  6694 | D:8      | Found an iron altar of Okawaru.
  6828 | D:8      | Found a hazy altar of Hepliaklqana.
  6839 | D:8      | Noticed a two-headed ogre
  6842 | D:8      | Killed a two-headed ogre
  6843 | D:8      | Reached skill level 16 in Stealth
  7393 | D:9      | Identified the +7 dagger of the Gloaming {flame, rN+}
  7470 | D:9      | Noticed Harold
  7489 | D:9      | Found the +18 Lear's hauberk
  7501 | D:9      | Killed Harold
  7554 | D:9      | Reached skill level 17 in Stealth
  7580 | D:9      | Reached XP level 11. HP: 68/86 MP: 3/14
  7908 | D:9      | Reached *** piety under Dithmenos
  8345 | D:10     | Entered Level 10 of the Dungeon
  8482 | D:10     | Reached skill level 10 in Short Blades
  8488 | D:10     | Reached skill level 18 in Stealth
  8629 | D:10     | Noticed Lodul
  8827 | D:10     | Reached skill level 5 in Dodging
  9047 | D:10     | Killed Lodul
  9294 | D:11     | Noticed a two-headed ogre
  9301 | D:11     | Killed a two-headed ogre
  9333 | D:11     | Reached skill level 1 in Invocations
  9351 | D:11     | Reached skill level 19 in Stealth
 10044 | D:11     | Found a staircase to the Lair.
 10266 | D:11     | Reached **** piety under Dithmenos
 10312 | D:11     | Found a hide-covered altar of Uskayaw.
 10313 | D:11     | Noticed a +0 dagger
 10313 | D:11     | Noticed a +0 dagger
 10618 | D:11     | Reached skill level 20 in Stealth
 10618 | D:11     | Reached XP level 12. HP: 83/95 MP: 11/15
 10947 | D:12     | Noticed a two-headed ogre
 10951 | D:12     | Noticed a boulder beetle
 10955 | D:12     | Killed a two-headed ogre
 10980 | D:12     | Noticed a two-headed ogre
 10984 | D:12     | Killed a two-headed ogre
 11135 | D:12     | Noticed a two-headed ogre
 11143 | D:12     | Noticed a boulder beetle
 11202 | D:12     | Noticed a centaur warrior
 11230 | D:12     | Killed a centaur warrior
 11375 | D:12     | Noticed Azrael
 11432 | D:12     | Identified the amulet of Tugrom {Reflect rElec rPois Int-4
                  | SH+5 SInv}
 11499 | D:12     | Reached skill level 21 in Stealth
 11521 | D:12     | Found a frozen archway.
 11587 | D:12     | Noticed a four-headed hydra
 11682 | D:12     | Killed a boulder beetle
 11717 | D:12     | Killed a four-headed hydra
 11972 | D:12     | Killed a two-headed ogre
 11973 | D:12     | Reached skill level 5 in Invocations
 11998 | D:12     | Killed a boulder beetle
 11999 | D:12     | Reached skill level 10 in Fighting
 11999 | D:12     | Reached skill level 1 in Ice Magic
 12021 | D:12     | Noticed a boulder beetle
 12022 | D:12     | Found a runed translucent door.
 12022 | D:12     | Found a runed translucent door.
 12027 | D:12     | Killed a boulder beetle
 12079 | D:12     | Identified the ring "Yshryroet" {rF+ rN+++ MP-9 Str+3 SInv}
 12088 | D:12     | Identified the ring "Javvaim" {Fire +Blink Int+6}
 12096 | D:12     | Identified the ring of Emot {rF- rCorr Dex+3 SInv Stlth+}
 12160 | D:12     | Found a staircase to the Orcish Mines.
 12171 | D:12     | Found a bloodstained altar of Trog.
 12393 | Lair:1   | Entered Level 1 of the Lair of Beasts
 12504 | Lair:1   | Found a gate leading to a gauntlet.
 12515 | Gauntlet | Entered a Gauntlet
 12515 | Gauntlet | Found a transporter.
 12522 | Gauntlet | Found a transporter.
 12524 | Gauntlet | Found a transporter.
 12540 | Gauntlet | Found a transporter.
 12541 | Gauntlet | Found a transporter.
 12547 | Gauntlet | Noticed a great orb of eyes
 12551 | Gauntlet | Found a transporter.
 12564 | Gauntlet | Found a runed translucent door.
 12565 | Gauntlet | Noticed a ghost crab
 12566 | Gauntlet | Found a transporter.
 12568 | Gauntlet | Found a runed translucent door.
 12575 | Gauntlet | Noticed a hell hog
 12576 | Gauntlet | Found a transporter.
 12585 | Gauntlet | Found a runed translucent gate.
 12586 | Gauntlet | Found a transporter.
 12586 | Gauntlet | Found a runed translucent gate.
 12587 | Gauntlet | Found a runed translucent gate.
 12600 | Gauntlet | Found a transporter.
 12614 | Gauntlet | Found a transporter.
 12614 | Gauntlet | Found a transporter.
 12728 | Gauntlet | Found a transporter.
 12778 | Gauntlet | Killed a hell hog
 12797 | Gauntlet | Identified the +0 pair of gloves of Paby {Harm rN+ rCorr}
 12865 | Gauntlet | Noticed a minotaur
 12899 | Gauntlet | Slain by a minotaur

Illustrated notes

Levels and vault maps discovered:
D:1:      dpeg_arrival_rooms_c, layout_basic, serial_shops, shop
D:2:      minmay_chambers_of_twos, layout_loops_ring,
          hellmonk_ecumenical_altar_run_dry, basic_altar
D:3:      layout_basic, serial_shops, nicolae_shop_back_alley_shop
D:4:      layout_basic, minmay_temple_entry_from_below_b, minmay_manual_mail
D:5:      layout_loops_ring, gammafunk_temple_overflow_wave
D:6:      layout_basic, lemuel_crystal_altar, uniq_eustachio
D:7:      layout_basic, ebering_ghost_rock_garden
D:8:      layout_gridville, jmf_multi_god_temple, uniq_maggie, uniq_psyche
D:9:      layout_loops_corners, uniq_harold
D:10:     layout_basic, uniq_lodul
D:11:     layout_loops_cross, erik_lair_island, dancing_weapons_uskayaw
D:12:     minmay_the_grid_triangle_9x9_rhombus_thin_mashed
          [minmay_the_grid_triangle_9x9_sprig,
          minmay_the_grid_triangle_9x9_prize_special,
          minmay_the_grid_triangle_9x9_tough_junction,
          minmay_the_grid_triangle_9x9_corrupted_corridor],
          layout_irregular_city, david_orc_5,
          portal_ice_cave_entry_ice_simulacra, tgw_trog, uniq_azrael
Lair:1:   layout_cave_pods, gauntlet_entry_generic
Gauntlet: minmay_gauntlet_77_tree [minmay_gauntlet_arena_77_two_paths,
          minmay_gauntlet_arena_77_broken_ladder,
          minmay_gauntlet_arena_77_double_cross,
          minmay_gauntlet_arena_77_run_for_it, minmay_gauntlet_arena_77_mirror,
          minmay_gauntlet_arena_77_shame_cube,
          minmay_gauntlet_arena_77_tiled_triplets,
          dreamdust_gauntlet_exit_labyrinth]

Skill      XL: |  1  2  3  4  5  6  7  8  9 10 11 12 |
---------------+-------------------------------------+-----
Stealth        | 5 8 11 14 17 20 21 | 21.2
Short Blades   | 2 3 4 5 6 8 9 10 | 10.3
Hexes          | 5 6 7 8 9 10 | 10.1
Fighting       | 1 2 3 4 5 6 7 9 10 | 10.3
Shields        | 3 4 |  4.5
Dodging        | 3 6 8 |  8.9
Invocations    | 3 5 |  5.7
Ice Magic      | 3 |  3.0
Spellcasting   | |  2.0

Action                     |  1- 3 |  4- 6 |  7- 9 | 10-12 || total
---------------------------+-------+-------+-------+-------++-------
  Melee: Dagger            |   123 |   110 |   310 |   646 ||  1189
         Bite              |     6 |    12 |    39 |    95 ||   152
         Punch             |       |     1 |     5 |     1 ||     7
  Throw: Throwing net      |       |       |       |     5 ||     5
   Cast: Ensorcelled Hiber |       |    15 |    38 |    39 ||    92
         Confusing Touch   |       |     1 |    14 |    45 ||    60
         Tukima's Dance    |       |       |     5 |     6 ||    11
         Dazzling Flash    |       |       |       |     2 ||     2
  Evoke: Wand              |       |       |       |     5 ||     5
    Use: Scroll            |       |       |     4 |     7 ||    11
         Potion            |       |       |       |     2 ||     2
   Stab: Sleeping          |     8 |    17 |    29 |    46 ||   100
         Confused          |       |     2 |    13 |    34 ||    49
         Distracted        |       |     1 |       |     4 ||     5
         Invisible         |       |       |       |     2 ||     2
         Held in net/web   |       |       |       |     7 ||     7
 Armour: Robe              |    51 |    42 |   144 |       ||   237
         Skin              |       |       |     4 |       ||     4
         Steam dragon scal |       |       |       |   321 ||   321
  Dodge: Dodged            |    65 |    50 |   133 |   388 ||   636
  Block: Buckler           |       |       |       |   134 ||   134

Table legend: (Time is in decaauts)
 A = Elapsed time spent in this place.
 B = Non-inter-level travel time spent in this place.
 C = Inter-level travel time spent in this place.
 D = Time resting spent in this place.
 E = Time spent auto-exploring this place.
 F = Levels seen in this place.
 G = Mean time per level.
                   A        B        C        D        E       F      G
               +--------+--------+--------+--------+--------+-----+--------+
         Total |  12505 |  12163 |    342 |   2849 |   5596 |  14 |  893.2 |
       Dungeon |  12046 |  11704 |    342 |   2795 |   5596 |  12 | 1003.8 |
          Lair |    101 |    101 |      0 |      6 |      0 |   1 |  101.0 |
      Gauntlet |    357 |    357 |      0 |     48 |      0 |   1 |  357.0 |
               +--------+--------+--------+--------+--------+-----+--------+

Top non-repeatable levels by time:
    D:12: 1340 daAuts
    D:11: 1311 daAuts
    D:10: 1238 daAuts
     D:9: 1217 daAuts
     D:6: 1040 daAuts
     D:5: 1037 daAuts
     D:7: 1014 daAuts
     D:8: 1006 daAuts
     D:2: 821 daAuts
     D:3: 683 daAuts
     D:1: 667 daAuts
     D:4: 666 daAuts
Gauntlet: 357 daAuts
  Lair:1: 101 daAuts
